 Dungeon Crawl Stone Soup version 0.31.0-11-ge490571c62 (webtiles) character file.

Game seed: 9484267858998606885

492 qw the Ducker (level 6, 0/30 HPs)
             Began as a Spriggan Hunter on Feb 4, 2024.
             Succumbed to a scorpion's poison
             ... on level 4 of the Dungeon.
             The game lasted 00:00:12 (2254 turns).

qw the Ducker (Spriggan Hunter)                     Turns: 2254, Time: 00:00:12

Health: 0/30       AC:  6    Str:  7    XL:     6   Next: 91%
Magic:  7/7        EV: 25    Int: 10    God:
Gold:   143        SH:  0    Dex: 27    Spells: 5/5 levels left

rFire   . . .        a - +0 shortbow
rCold   . . .        (shield currently unavailable)
rNeg    . . .        c - +0 robe
rPois   .            (helmet restricted)
rElec   .            (no cloak)
rCorr   .            (gloves unavailable)
SInv    +            (boots unavailable)
Will    +....        (no amulet)
Stlth   +++          g - +4 ring of protection
HPRegen 0.25/turn    h - +6 ring of dexterity
MPRegen 0.10/turn

%: no passive effects
@: lethally poisoned (0 -> -8), about to teleport, very quick
A: very small, no large weapons, unfitting armour, see invisible, speed 3
a: no special abilities


You were on level 4 of the Dungeon.
You visited 1 branch of the dungeon, and saw 4 of its levels.

You collected 143 gold pieces.


Innate Abilities, Weirdness & Mutations

You are very small and have problems with some larger weapons.
You are too small for most types of armour.
You have supernaturally acute eyesight. (SInv)
You cover ground extremely quickly. (Speed+++)


   Skills:
 - Level 2.0 Fighting
 - Level 6.3 Ranged Weapons
 + Level 7.2 Dodging
 - Level 1.5 Stealth


You had 5 spell levels left.
You didn't know any spells.
Your spell library was empty.

Inventory:

Hand Weapons
 a - a +0 shortbow (weapon)
Armour
 c - a +0 robe (worn)
Jewellery
 g - a +4 ring of protection (left hand)
 h - a +6 ring of dexterity (right hand)
 n - an amulet of regeneration
Wands
 e - a wand of iceblast (13)
Scrolls
 l - a scroll of fear {unknown}
Potions
 d - 3 potions of curing
 f - a potion of mutation {unknown}
 i - 3 potions of resistance
 j - a potion of magic {unknown}
 k - 2 potions of might {unknown}
 m - a potion of brilliance {unknown}

Dungeon Overview and Level Annotations

Branches:
Dungeon (4/15)
 Temple: D:4-7

Altars:
Qazlal

Shops:
D:2 *   D:3 [

Annotations:
D:1 1 runed translucent door


Message History

The scorpion is heavily wounded.
The scorpion completely misses you. The scorpion misses you.
You shoot an arrow.
The arrow hits the scorpion but does no damage.
The scorpion is heavily wounded.
The scorpion completely misses you.
You shoot an arrow.
The arrow hits the scorpion but does no damage.
The scorpion is heavily wounded.
The scorpion completely misses you.
You shoot an arrow. The arrow hits the scorpion.
The scorpion is heavily wounded.
The scorpion stings you.
You are poisoned.
The scorpion poisons you! The scorpion closely misses you.
You shoot an arrow.
The arrow hits the scorpion but does no damage.
The scorpion is heavily wounded.
You feel very sick. The scorpion barely misses you.
You shoot an arrow. The arrow hits the scorpion.
The scorpion is heavily wounded.
You feel sick. The scorpion stings you. The scorpion misses you.
You shoot an arrow. The arrow closely misses the scorpion.
You feel sick. The scorpion completely misses you.
You shoot an arrow. The arrow barely misses the scorpion.
You feel sick. The scorpion misses you.
You shoot an arrow. The arrow hits the scorpion.
The scorpion is severely wounded.
You feel sick. The scorpion misses you.
You shoot an arrow.
The arrow hits the scorpion but does no damage.
The scorpion is severely wounded.
You feel sick. The scorpion stings you.
You are lethally poisoned!
The scorpion poisons you! The scorpion stings you.
2254 ||| READING scroll of teleportation.
As you read the scroll of teleportation, it crumbles to dust.
You feel strangely unstable.
You die...

.#......))..'..#
.###.####...#.#### .# #.#
#%..#....### #### ## #.#
#...#.##.#.# ^ #...
#.####...+......# #^# #...
####........#.#.####.P #...
.......#....'.###s.. #...
######.#....#####s# #...
#.#.#### #@## ### +...
#.....# #..# #.. #...
#.###.# ##.# #.# #...
#...#.######.###.# #.#.
#.....#...##...#.########.#'
#...###................##...
#...# #..........#####.##.:.
#...# #..........#.....#...)
#...# #...########.###.##.)#


You could see 2 scorpions.

Vanquished Creatures
  A black bear (D:4)
  2 scorpions (D:4)
  A hound (D:4)
  Jessica (D:2)
  2 orc wizards (D:4)
  Terence (D:2)
  4 gnolls (D:4)
  4 adders
  4 dart slugs
  6 orcs (D:4)
  7 bats
  5 endoplasms
  6 giant cockroaches
  4 goblins
  7 hobgoblins
  2 quokkas (D:1)
  9 ball pythons
  2 frilled lizards
  5 kobolds
  A rat (D:1)
74 creatures vanquished.

Notes
Turn   | Place    | Note
-------+----------+-------------------------------------------
     0 | D:1      | qw the Spriggan Hunter began the quest for the Orb.
     0 | D:1      | Reached XP level 1. HP: 10/10 MP: 2/2
     0 | D:1      | 0 ||| qw: Version: 0.3-a-160-g5e54788
     0 | D:1      | 0 ||| qw: Game counter: 4314
     0 | D:1      | 0 ||| qw: Melee chars always use a shield: true
     0 | D:1      | 0 ||| qw: God list: Okawaru
     0 | D:1      | 0 ||| qw: Allow faded altars: false
     0 | D:1      | 0 ||| qw: Do Orc after clearing Dungeon:15 true
     0 | D:1      | 0 ||| qw: Do second Lair branch before Depths: true
     0 | D:1      | 0 ||| qw: Lair rune preference: random
     0 | D:1      | 0 ||| qw: Goals: Normal
     0 | D:1      | 0 ||| PLANNING D:1-11
     1 | D:1      | Found a runed translucent door.
    13 | D:1      | Reached skill level 3 in Dodging
    70 | D:1      | Reached XP level 2. HP: 8/14 MP: 3/3
   173 | D:1      | Reached skill level 4 in Dodging
   478 | D:1      | Reached XP level 3. HP: 18/18 MP: 4/4
   564 | D:1      | 564 ||| UPGRADING to +4 ring of protection.
   565 | D:1      | 565 ||| READING 2 scrolls labelled ETOMIM SAFIGI.
   565 | D:1      | 565 ||| IDENTIFYING 2 golden potions
   566 | D:1      | 566 ||| READING scroll of identify.
   566 | D:1      | 566 ||| IDENTIFYING 2 fuming pink potions
   567 | D:1      | 567 ||| READING 2 scrolls labelled LIFUMOON ELUW.
   568 | D:1      | 568 ||| READING scroll labelled RAROIN PUWN.
   669 | D:1      | 669 ||| READING scroll labelled SIUFISM GEBIK.
   670 | D:1      | 670 ||| DROPPING scroll of butterflies.
   671 | D:1      | 671 ||| DROPPING scroll of amnesia.
   676 | D:2      | Noticed Jessica
   676 | D:2      | Found Urchum's General Store.
   678 | D:2      | 678 ||| STAIRDANCE
   739 | D:2      | Killed Jessica
   746 | D:2      | Reached XP level 4. HP: 22/22 MP: 5/5
   749 | D:2      | 749 ||| SHOPLISTING potion of haste (100 gold, have 78).
   749 | D:2      | 749 ||| SHOPLISTING potion of mutation (80 gold, have 78).
   925 | D:2      | Found a stormy altar of Qazlal.
  1059 | D:2      | Noticed Terence
  1065 | D:2      | Killed Terence
  1066 | D:2      | Reached skill level 5 in Dodging
  1093 | D:2      | 1093 ||| UPGRADING to +6 ring of dexterity.
  1094 | D:2      | 1094 ||| READING 2 scrolls labelled RAPIOV OTOXKUI.
  1603 | D:3      | Found Nableh's Armour Boutique.
  1612 | D:3      | 1612 ||| SHOPLISTING +1 robe "Ciqoca Xuce" {rElec Int+2}
                  | (262 gold, have 138).
  1668 | D:3      | 1668 ||| READING scroll of identify.
  1668 | D:3      | 1668 ||| IDENTIFYING fizzy white potion
  1669 | D:3      | 1669 ||| READING scroll labelled XOPIFUOJAPH.
  1670 | D:3      | 1670 ||| READING scroll labelled HIYDGH OPRA.
  1670 | D:3      | 1670 ||| ENCHANTING +0 shortbow.
  1671 | D:3      | 1671 ||| DRINKING 2 smoky clear potions.
  1672 | D:3      | 1672 ||| DROPPING potion of lignification.
  1673 | D:3      | 1673 ||| DROPPING potion of degeneration.
  1699 | D:4      | 1699 ||| RETREEEEATING.
  1700 | D:4      | 1700 ||| RETREEEEATING.
  1706 | D:4      | 1706 ||| RETREEEEATING.
  1713 | D:4      | Reached XP level 5. HP: 24/25 MP: 6/6
  1758 | D:4      | Reached skill level 6 in Dodging
  1871 | D:4      | Identified the +1 falchion "Ymiomy" {elec, ^Contam rPois
                  | rN+}
  1881 | D:4      | Reached XP level 6. HP: 30/30 MP: 7/7
  1946 | D:4      | 1946 ||| ZAPPING wand of iceblast (14) at -2,2 (black bear;
                  | floor).
  1947 | D:4      | Reached skill level 6 in Ranged Weapons
  2234 | D:4      | 2234 ||| RETREEEEATING.
  2241 | D:4      | Reached skill level 7 in Dodging
  2253 | D:4      | HP: 5/30 [scorpion (6)]
  2253 | D:4      | HP: 2/30 [scorpion (3)]
  2254 | D:4      | 2254 ||| READING scroll of teleportation.
  2254 | D:4      | Succumbed to a scorpion's poison

Levels and vault maps discovered:
D:1:      dpeg_arrival_caged_fury, layout_basic, minmay_tetromino_l2
D:2:      layout_rooms, basic_altar, serial_shops, shop, uniq_terence,
          uniq_jessica
D:3:      layout_loops_ring, serial_shops, nicolae_shop_trees,
          kennysheep_nondescript
D:4:      old_forge, layout_basic

Skill      XL: |  1  2  3  4  5  6 |
---------------+-------------------+-----
Dodging        | 3 4 5 6 7 |  7.2
Ranged Weapons | 5 6 |  6.3
Fighting       | 2 |  2.0
Stealth        | |  1.5

Action                     |  1- 3 |  4- 6 || total
---------------------------+-------+-------++-------
   Fire: Shortbow          |    72 |   172 ||   244
  Evoke: Wand              |       |     1 ||     1
    Use: Scroll            |     5 |     5 ||    10
         Potion            |       |     1 ||     1
 Armour: Robe              |     7 |    23 ||    30
  Dodge: Dodged            |    26 |    85 ||   111

Table legend:
 A = Non-vault XP
 B = Vault XP
 C = Vault XP percentage of total XP
 D = Non-vault monster count
 E = Vault monster count
 F = Vault count percentage of total count
                 A         B        C        D         E       F
            +---------+---------+-------+---------+---------+-------
      Total |     544 |     160 |  22.7 |      69 |       5 |   6.8
            +---------+---------+-------+---------+---------+-------
        D:1 |      53 |       4 |   7.0 |      23 |       2 |   8.0
        D:2 |      30 |      69 |  69.7 |      10 |       2 |  16.7
        D:3 |      28 |       0 |   0.0 |      12 |       0 |   0.0
        D:4 |     433 |      87 |  16.7 |      24 |       1 |   4.0
            +---------+---------+-------+---------+---------+-------
